 Dungeon Crawl Stone Soup version 0.24-a0-528-g98e85ec62a (webtiles) character file.

Game seed: 3706013602136493898

53 Mithandil the Conjurer (level 3, -2/20 HPs)
             Began as a Tengu Conjurer on Aug 6, 2019.
             Was an Initiate of Vehumet.
             Slain by a gnoll
             ... wielding a +0 flail
              (6 damage)
             ... on level 2 of the Dungeon.
             The game lasted 00:07:29 (924 turns).

Mithandil the Conjurer (Tengu Conjurer)              Turns: 924, Time: 00:07:30

Health: -2/20      AC:  9    Str:  9    XL:     3   Next: 87%
Magic:  1/7        EV: 13    Int: 15    God:    Vehumet [......]
Gold:   90         SH:  0    Dex: 14    Spells: 4/7 levels left

rFire    . . .     SeeInvis .   a - +1 short sword (protect)
rCold    . . .     Gourm    .   (no shield)
rNeg     . . .     Faith    .   l - +0 robe
rPois    .         Spirit   .   (helmet restricted)
rElec    .         Reflect  .   (no cloak)
rCorr    .         Harm     .   (no gloves)
MR       .....                  (boots unavailable)
Stlth    ++........             (no amulet)
HPRegen  0.06/turn              (no ring)
MPRegen  0.10/turn              (no ring)

@: protection aura
A: beak, talons 3
a: Renounce Religion


You were on level 2 of the Dungeon.
You worshipped Vehumet.
Vehumet was noncommittal.
You were hungry.

You visited 1 branch of the dungeon, and saw 3 of its levels.

You collected 90 gold pieces.

Inventory:

Hand Weapons
 a - a +1 short sword of protection (weapon)
 i - a +0 spear
Missiles
 f - 62 arrows
Armour
 l - a +0 robe (worn)
Scrolls
 b - a scroll of amnesia {unknown}
 e - 2 scrolls of identify {unknown}
 g - a scroll of noise {unknown}
 j - a scroll of remove curse {unknown}
 k - 2 scrolls of teleportation {unknown}
Potions
 d - a potion of might {unknown}
 h - 2 potions of heal wounds {unknown}
Comestibles
 c - a ration


   Skills:
 + Level 1.0 Fighting
 + Level 0.8 Throwing
 + Level 2.4 Dodging
 + Level 2.3 Stealth
 * Level 2.5 Spellcasting
 * Level 5.9 Conjurations


You had 4 spell levels left.
You knew the following spells:

 Your Spells              Type           Power        Failure   Level  Hunger
a - Magic Dart            Conj           ###.         1%          1    #......
b - Searing Ray           Conj           ###...       2%          2    ###....

Your spell library contained the following spells:

 Spells                   Type           Power        Failure   Level  Hunger
 Dazzling Spray           Conj/Hex       ##....       19%         3    ###....
 Iskenderun's Mystic Bla  Conj           ###.....     19%         4    #####..
 Force Lance              Conj/Tloc      ##......     54%         4    #####..
 Fulminant Prism          Conj/Hex       ##........   54%         4    #####..


Dungeon Overview and Level Annotations

Branches:
Dungeon (3/15)

Altars:
Gozag
Vehumet
The Shining One


Innate Abilities, Weirdness & Mutations

You have a beak for a mouth.
You have claws for feet.


Message History

i - a +0 spear You hit the kobold but do no damage.
Your weapon exudes an aura of protection.
You peck the kobold.
You kill the kobold!
Vehumet accepts your kill.
You hit the gnoll but do no damage. Your kick misses the gnoll.
You peck the gnoll, but do no damage. The gnoll barely misses you.
You hit the gnoll but do no damage. You peck the gnoll, but do no damage.
The gnoll closely misses you.
The hobgoblin hits you but does no damage.
You hit the gnoll but do no damage. You peck the gnoll, but do no damage.
The gnoll completely misses you.
The hobgoblin hits you but does no damage.
You hit the gnoll.
The gnoll is heavily wounded.
The gnoll hits you with a +0 whip.
* * * LOW HITPOINT WARNING * * *
The gnoll hits you with a +0 flail.
You die...

...# ###...## ........
........ ........
###+++### ........
##≈.....≈## ........
##.....g...## ........
##.....@g....#
........##...?..≈g)....#
.......##.....≈≈≈≈≈.....
.#######.....≈≈###≈≈....
......#≈....≈≈## #≈≈...
......#....§§## #§≈..
......'....≈## #≈..
#####.'...≈≈# §§.
#.'....§#


You could see 2 gnolls and a hobgoblin.

Vanquished Creatures
  2 gnolls (D:2)
  2 leopard geckos (D:1)
  2 bats
  A giant cockroach (D:1)
  5 goblins
  3 hobgoblins
  2 jackals (D:1)
  2 frilled lizards
  7 kobolds
  4 rats (D:1)
30 creatures vanquished.

Notes
Turn   | Place    | Note
-------+----------+-------------------------------------------
     0 | D:1      | Mithandil the Tengu Conjurer began the quest for the Orb.
     0 | D:1      | Reached XP level 1. HP: 10/10 MP: 4/4
   149 | D:1      | Reached XP level 2. HP: 15/15 MP: 3/6
   153 | D:1      | Learned a level 2 spell: Searing Ray
   475 | D:2      | Found a radiant altar of Vehumet.
   475 | D:2      | Found an opulent altar of Gozag.
   476 | D:2      | Found a glowing golden altar of the Shining One.
   479 | D:2      | Became a worshipper of Vehumet
   630 | D:1      | Reached XP level 3. HP: 19/20 MP: 1/7
   917 | D:2      | Reached skill level 1 in Fighting
   924 | D:2      | Slain by a gnoll

Levels and vault maps discovered:
D:1:      ebering_hopf_link, layout_rooms, minmay_cupped
D:2:      layout_basic, grunt_temple_overflow_open, kennysheep_donut
D:3:      layout_loops_ring, kennysheep_ying_yang, first_ration,
          uniq_crazy_yiuf_cottage

Skill      XL: |  1  2  3 |
---------------+----------+-----
Fighting       | 1 |  1.0
Throwing       | |  0.8
Dodging        | |  2.4
Stealth        | |  2.3
Spellcasting   | |  2.5
Conjurations   | |  5.9

Action                   || total
-------------------------++-------
Melee: Unarmed           ||     5
       Whip              ||     9
       Kick              ||     5
       Peck              ||     7
       Dagger            ||     5
       Short sword       ||     8
 Cast: Magic Dart        ||    37
 Stab: Sleeping          ||     2
Armor: Robe              ||     9
Dodge: Dodged            ||    23

Table legend:
 A = Non-vault XP
 B = Vault XP
 C = Vault XP percentage of total XP
 D = Non-vault monster count
 E = Vault monster count
 F = Vault count percentage of total count
                 A         B        C        D         E       F
            +---------+---------+-------+---------+---------+-------
      Total |      67 |       9 |  11.8 |      26 |       4 |  13.3
            +---------+---------+-------+---------+---------+-------
        D:1 |      26 |       9 |  25.7 |      17 |       4 |  19.0
        D:2 |      41 |       0 |   0.0 |       9 |       0 |   0.0
            +---------+---------+-------+---------+---------+-------
